Workbook

Sheet 封皮
A1: 1.工程量清单说明
A2: 1.1 本工程量清单是根据招标文件中包括的有合同约束力的工程量清单计量规则、 图纸以及有关工程量清单的国家标准、行业标准、合同条款中约定的其他规则编制。约定计量规则中没有的子目，其工程量按照有合同约束力的图纸所标示尺寸的理论净量计算。计量采用中华人民共和国法定计量单位。
A3: 1.2 本工程量清单应与招标文件中的投标人须知、通用合同条款、专用合同条款、 工程量清单计量规则、 技术规范及图纸等一起阅读和理解。
A4: 1.3 本工程量清单中所列工程数量是估算的或设计的预计数量，仅作为投标报价的共同基础，不能作为最终结算与支付的依据。实际支付应按实际完成的工程量，由承包人按工程量清单计量规则规定的计量方法，以监理人认可的尺寸、断面计量，按本工程量清单的单价和总额价计算支付金额；或根据具体情况，按合同条款第 15.4款的规定， 按监理人确定的单价或总额价计算支付额。
A5: 1.4 工程量清单各章是按第八章“工程量清单计量规则”、 第七章“技术规范”的相应章次编号的，因此，工程量清单中各章的工程子目的范围与计量等应与“工程量清单计量规则” “技术规范”相应章节的范围、计量与支付条款结合起来理解或解释。
A6: 1.5 对作业和材料的一般说明或规定，未重复写入工程量清单内，在给工程量清单各子目标价前，应参阅第七章“技术规范”的有关内容。
A7: 1.6 工程量清单中所列工程量的变动，丝毫不会降低或影响合同条款的效力，也不免除承包人按规定的标准进行施工和修复缺陷的责任。
A8: 1.7 图纸中所列的工程数量表及数量汇总表仅是提供资料，不是工程量清单的外延。当图纸与工程量清单所列数量不一致时，以工程量清单所列数量作为报价的依据。
A9: 2.投标报价说明
A10: 2.1 工程量清单中的每一子目须填入单价或价格，且只允许有一个报价。
A11: 2.2 除非合同另有规定，工程量清单中有标价的单价和总额价均已包括了为实施和完成合同工程所需的劳务、材料、机械、质检（自检）、安装、缺陷修复、管理、保险、税费、利润等费用，以及合同明示或暗示的所有责任、义务和一般风险。
A12: 2.3 工程量清单中投标人没有填入单价或价格的子目，其费用视为已分摊在工程量清单中其他相关子目的单价或价格之中。 承包人必须按监理人指令完成工程量清单中未填入单价或价格的子目，但不能得到结算与支付。
... A26: 4.8 为确保将安全施工措施落到实处，招标人按应根据《公路水运工程安全生产监督管理办法》（[2017]第25号）以及《关于印发<企业安全生产费用提取和使用管理办法>的通知》（财资〔2022〕136号）的规定要求设置安全生产费，安全生产费为最高投标限价的1.5%。该项费用必须用于施工安全防护用具及设施的采购和更新、安全施工措施的落实、安全生产条件的改善、加强安全生产的管理，不得挪作他用，投标人必须严格遵照规定执行，实现“零死亡、零事故”的安全生产目标；安全生产费用的支付按合同条款第9.2.5项的规定执行，若发包人在施工过程中有转发或下发的有关文件的,则从其规定。

Sheet 汇总表
B1: 投标报价汇总表
A2: 标段：查干陶日木村一社农村道路硬化提升改造工程
A3: 序号 | B3: 章次 | C3: 科 目 名 称 | D3: 金额（元）
A4: 1 | B4: 100 | C4: 清单 第100章 总则 | D4: =第100章!F39 -> 0
A5: 2 | B5: 200 | C5: 清单 第200章 路基 | D5: =第200章!F40 -> 0
A6: 3 | B6: 300 | C6: 清单 第300章 路面 | D6: =第300章!F39 -> 0
A7: 4 | B7: 400 | C7: 清单 第400章 桥梁、涵洞 | D7: =第400章!F40 -> 0
A8: 5 | B8: 600 | C8: 清单 第600章 安全设施及预埋管线 | D8: =第600章!F40 -> 0
A9: 6 | B9: 700 | C9: 清单 第700章 绿化及环境保护设施 | D9: =第700章!F40 -> 0
A10: 7 | B10: 第100章至700章清单合计 | D10: =SUM(D4:D9) -> 0
A11: 8 | B11: 已包含在清单合计中的材料、工程设备、专业工程暂估价合计
A12: 9 | B12: 清单合计减去材料、工程设备、专业工程暂估价 合计(即7-8)=9 | D12: =D10 -> 0
A13: 10 | B13: 计日工合计
A14: 11 | B14: 暂列金额(不含计日工总额) | D14: 20000
A15: 12 | B15: 投标报价(7+10+11)=12

Sheet 第100章
B1: 工程量清单
A2: 标 段：查干陶日木村一社农村道路硬化提升改造工程 货币单位：人民币 元
A3: 清单 第100章 总则
A4: 子目号 | B4: 子 目 名 称 | C4: 单位 | D4: 数量 | E4: 单价 | F4: 合价
A5: 101 | B5: 通则
A6: 101-1 | B6: 保险费
A7: -a | B7: 按合同条款规定，提供建筑工程一切险 | C7: 总额 | D7: 1 | F7: =D7*E7 -> 0
A8: -b | B8: 按合同条款规定，提供第三者责任险 | C8: 总额 | D8: 1 | F8: =D8*E8 -> 0
A9: 102 | B9: 工程管理 | F9: =D9*E9 -> 0
A10: 102-3 | B10: 安全生产费 | C10: 总额 | D10: 1 | F10: =D10*E10 -> 0
A11: 103 | B11: 临时工程与设施 | F11: =D11*E11 -> 0
A12: 103-1 | B12: 临时道路修建、养护与拆除(包括原道路的 养护) | C12: 总额 | D12: 1 | F12: =D12*E12 -> 0
A13: 103-2 | B13: 临时占地 | C13: 总额 | D13: 1 | F13: =D13*E13 -> 0
A14: 104 | B14: 承包人驻地建设 | F14: =D14*E14 -> 0
A15: 104-1 | B15: 承包人驻地建设 | C15: 总额 | D15: 1 | F15: =D15*E15 -> 0
A39: 清单 第 100 章 合计 人民币 | F39: =SUM(F7:F38) -> 0

Sheet 第200章
B1: 工程量清单
A2: 标 段：查干陶日木村一社农村道路硬化提升改造工程 货币单位：人民币 元
A3: 清单 第200章 路基
A4: 子目号 | B4: 子 目 名 称 | C4: 单位 | D4: 数量 | E4: 单价 | F4: 合价
A5: 203 | B5: 挖方路基
A6: 203-1 | B6: 路基挖方
A7: -a | B7: 挖土方 | C7: m3 | D7: 6323.5 | F7: =D7*E7 -> 0
A8: 204 | B8: 填方路基 | F8: =D8*E8 -> 0
A9: 204-1 | B9: 路基填筑(包括填前压实) | F9: =D9*E9 -> 0
A10: -a | B10: 利用土方 | C10: m3 | D10: 168.38 | F10: =D10*E10 -> 0
A11: -d | B11: 借土填方 | C11: m3 | D11: 36.76 | F11: =D11*E11 -> 0
A12: 207 | B12: 坡面排水 | F12: =D12*E12 -> 0
A13: 207-2 | B13: 排水沟 | F13: =D13*E13 -> 0
A14: -a | B14: 浆砌片石 | C14: m3 | D14: 63.3 | F14: =D14*E14 -> 0
A15: 208 | B15: 护坡、护面墙 | F15: =D15*E15 -> 0
A16: 208-5 | B16: 护面墙 | F16: =D16*E16 -> 0
A17: -a | B17: 烧结普通砖挡水墙 | C17: m3 | D17: 72.8 | F17: =D17*E17 -> 0
A40: 清单 第 200 章 合计 人民币 | F40: =SUM(F7:F39) -> 0

Sheet 第300章
B1: 工程量清单
A2: 标 段：查干陶日木村一社农村道路硬化提升改造工程 货币单位：人民币 元
A3: 清单 第300章 路面
A4: 子目号 | B4: 子 目 名 称 | C4: 单位 | D4: 数量 | E4: 单价 | F4: 合价
A5: 302 | B5: 垫层
A6: 302-2 | B6: 砂砾垫层
A7: -a | B7: 厚160mm | C7: m2 | D7: 18184.3 | F7: =D7*E7 -> 0
A8: 312 | B8: 水泥混凝土面板
A9: 312-1 | B9: 水泥混凝土面板
A10: -a | B10: 180mm厚c30混凝土 | C10: m3 | D10: 2885.04 | F10: =D10*E10 -> 0
A11: -b | B11: 天然砂砾200mm | C11: m2 | D11: 582 | F11: =D11*E11 -> 0
A12: 312-2 | B12: 钢筋 | F12: =D12*E12 -> 0
A13: -a | B13: 光圆钢筋(HPB300直径28mm) | C13: kg | D13: 603.2 | F13: =D13*E13 -> 0
A14: 313 | B14: 路肩培土、中央分隔带回填土、土路肩加固及路缘石 | F14: =D14*E14 -> 0
A15: 313-1 | B15: 路肩培土 | C15: m3 | D15: 1854.7 | F15: =D15*E15 -> 0
A16: 313-2 | B16: 砂砾路肩 | C16: m3 | D16: 1116.2 | F16: =D16*E16 -> 0
A17: 313-3 | B17: C25混凝土滑膜 | C17: m3 | D17: 95.8 | F17: =D17*E17 -> 0
A18: 314 | B18: 路面及中央分隔带排水
A39: 清单 第 300 章 合计 人民币 | F39: =SUM(F7:F38) -> 0

Sheet 第400章
B1: 工程量清单
A2: 标 段：查干陶日木村一社农村道路硬化提升改造工程 货币单位：人民币 元
A3: 清单 第400章 桥梁、涵洞
A4: 子目号 | B4: 子 目 名 称 | C4: 单位 | D4: 数量 | E4: 单价 | F4: 合价
A5: 419 | B5: 圆管涵及倒虹吸管涵
A6: 419-1 | B6: DN300球 墨 铸 铁 管 涵 | C6: m | D6: 8 | F6: =D6*E6 -> 0
A40: 清单 第 400 章 合计 人民币 | F40: =F6 -> 0

Sheet 第600章
B1: 工程量清单
A2: 标 段：查干陶日木村一社农村道路硬化提升改造工程 货币单位：人民币 元
A3: 清单 第600章 安全设施及预埋管线
A4: 子目号 | B4: 子 目 名 称 | C4: 单位 | D4: 数量 | E4: 单价 | F4: 合价
A5: 604 | B5: 道路交通标志
A6: 604-1 | B6: 单柱式交通标志号○600 | C6: 个 | D6: 2 | F6: =D6*E6 -> 0
A7: 604-1 | B7: 单柱式交通标志△700 | C7: 个 | D7: 22 | F7: =D7*E7 -> 0
A8: 604-1 | B8: 单柱式交通标志号▽700 | C8: 个 | D8: 4 | F8: =D8*E8 -> 0
A9: 604-10 | B9: 道口标注-镀锌钢管120*1500合计102m | C9: t | D9: 1.167 | F9: =D9*E9 -> 0
A40: 清单 第 600 章 合计 人民币 | F40: =SUM(F6:F39) -> 0

Sheet 第700章
B1: 工程量清单
A2: 标 段：查干陶日木村一社农村道路硬化提升改造工程 货币单位：人民币 元
A3: 清单 第700章 绿化及环境保护设施
A4: 子目号 | B4: 子 目 名 称 | C4: 单位 | D4: 数量 | E4: 单价 | F4: 合价
A5: 703 | B5: 撒播草种和铺植草皮
A6: 703-1 | B6: 撒播草种(含喷播) | C6: m2 | D6: 3500 | F6: =D6*E6 -> 0
A40: 清单 第 700 章 合计 人民币 | F40: =F6 -> 0
